 Dungeon Crawl Stone Soup version 0.29.1-1-gd02db6906a (webtiles) character file.

Game seed: 13342477821137335760

111049 croobank the Summoner (level 16, -8/117 HPs)
             Began as an Octopode Summoner on Oct 6, 2022.
             Was an Initiate of Gozag.
             Mangled by a wolf spider (15 damage)
             ... on level 3 of the Spider Nest.
             The game lasted 02:03:07 (34589 turns).

croobank the Summoner (Octopode Summoner)          Turns: 34589, Time: 02:03:08

Health: -8/117     AC:  7    Str: 14      XL:     16   Next: 56%
Magic:  41/41      EV: 17    Int: 29      God:    Gozag
Gold:   5106       SH:  5    Dex: 10 (12) Spells: 14/39 levels left

rFire   + + +      SeeInvis +   L - +7 morningstar of Qaevyipn {venom, Int+4}
rCold   + + +      Faith    .   W - +2 buckler
rNeg    + . .      Spirit   .   G - -2 hat of the Alchemist {rElec rPois rF+ rC+ rN+ Will+ rMut rCorr}
rPois   +          Reflect  .   f - amulet of the acrobat
rElec   +          Harm     .   d - ring of see invisible
rCorr   +          Rampage  .   t - +4 ring of protection
rMut    +                       B - ring of protection from fire
Will    ++...                   s - ring of magical power
Stlth   +++.......              Q - +6 ring of strength
HPRegen 0.29/turn               j - ring of protection from fire
MPRegen 0.27/turn               N - ring "Kisch" {rF+ rC+ rCorr}
                                J - +4 ring of protection

@: mighty, resistant, gold aura
A: almost no armour, amphibious, 8 rings, camouflage 1, gelatinous body 1,
(nimble swimmer 1), tentacles
a: Renounce Religion, Potion Petition, Call Merchant, Bribe Branch


You were on level 3 of the Spider Nest.
You worshipped Gozag.
Gozag was greatly pleased with you.
You visited 5 branches of the dungeon, and saw 26 of its levels.
You also visited: Bailey.

You collected 8459 gold pieces.
You spent 261 gold pieces at shops.
You paid 3092 gold pieces to Gozag.

Inventory:

Hand Weapons
 c - a +2 falchion of flaming
 k - a +1 spectral halberd
 m - the +11 battleaxe of Dust {freeze, rF- rN++ rCorr Stlth+}
   (You found it on level 11 of the Dungeon)

   It freezes those it strikes, dealing additional cold damage.
   It can also slow down cold-blooded creatures.
   rF:        It makes you vulnerable to fire.
   rN:        It greatly protects you from negative energy.
   rCorr:     It protects you from acid and corrosion.
   Stlth:     It makes you more stealthy.
 n - the +10 morningstar "Eos" {elec, Halo rElec}
   (You found it on level 2 of the Dungeon)

   It occasionally discharges a powerful burst of electricity upon striking a
   foe.
   It grants its wielder a halo, revealing invisible creatures and increasing
   accuracy against all within it other than the wielder.
   rElec:     It insulates you from electricity.
 r - the +7 short sword "Concordance" {venom, Dex+2}
   (You found it on level 11 of the Dungeon)

   It poisons the flesh of those it strikes.
   Dex:       It affects your dexterity (+2).
 u - the +2 morningstar of Balance {antimagic, rF+ Str+6}
   (You bought it in a shop on level 2 of the Orcish Mines)

   It reduces the magical energy of the wielder, and disrupts the spells and
   magical abilities of those it strikes.
   Natural abilities and divine invocations are not affected.
   Str:       It affects your strength (+6).
   rF:        It protects you from fire.
 I - a +2 broad axe of electrocution
 L - the +7 morningstar of Qaevyipn (weapon) {venom, Int+4}
   (You took it off a wight on level 7 of the Dungeon)

   It poisons the flesh of those it strikes.
   Int:       It affects your intelligence (+4).
Armour
 G - the -2 hat of the Alchemist (worn) {rElec rPois rF+ rC+ rN+ Will+ rMut rCorr}
   (You acquired it in a bailey)

   rF:        It protects you from fire.
   rC:        It protects you from cold.
   rElec:     It insulates you from electricity.
   rPois:     It protects you from poison.
   rN:        It protects you from negative energy.
   rCorr:     It protects you from acid and corrosion.
   rMut:      It protects you from mutation.
   Will:      It increases your willpower.
 W - a +2 buckler (worn)
Jewellery
 d - a ring of see invisible (left tentacle)
 f - an amulet of the acrobat (around mantle)
 j - a ring of protection from fire (on tentacle)
 s - a ring of magical power (on tentacle)
 t - a +4 ring of protection (right tentacle)
 B - a ring of protection from fire (on tentacle)
 J - a +4 ring of protection (on tentacle)
 N - the ring "Kisch" (on tentacle) {rF+ rC+ rCorr}
   (You found it on level 5 of the Lair of Beasts)

   [ring of protection from cold]

   rF:        It protects you from fire.
   rC:        It protects you from cold.
   rCorr:     It protects you from acid and corrosion.
 Q - a +6 ring of strength (on tentacle)
 R - a ring of fire
Wands
 e - a wand of flame (10)
 y - a wand of digging (5)
 H - a wand of paralysis (31)
 M - a wand of mindburst (15)
 O - a wand of acid (4)
 T - a wand of iceblast (23)
Scrolls
 h - 4 scrolls of amnesia
 i - 14 scrolls of identify
 o - 3 scrolls of poison
 p - 5 scrolls of butterflies
 A - 5 scrolls of vulnerability
 C - 3 scrolls of silence
 F - a scroll of enchant armour
 P - 10 scrolls of teleportation
 V - 4 scrolls of immolation
 Y - 2 scrolls of fear
 Z - a scroll of magic mapping
Potions
 a - 3 potions of magic
 g - 4 potions of mutation
 l - 2 potions of attraction
 q - 9 potions of curing
 v - 2 potions of resistance
 w - 2 potions of cancellation
 x - a potion of might
 E - 4 potions of brilliance
 S - 3 potions of lignification
 U - 2 potions of flight
 X - 4 potions of haste
Miscellaneous
 z - a phantom mirror
 K - a condenser vane


   Skills:
 + Level 13.0 Fighting
 - Level 8.0 Maces & Flails
 + Level 13.2 Dodging
 - Level 3.3 Stealth
 - Level 12.0 Spellcasting
 - Level 7.0 Hexes
 + Level 14.4 Summonings
 + Level 3.9 Transmutations
 + Level 8.1 Air Magic


You had 14 spell levels left.
You knew the following spells:

 Your Spells              Type           Power      Damage    Failure   Level
a - Summon Small Mammal   Summ           100%       N/A       0%          1
b - Call Imp              Summ           79%        N/A       1%          2
c - Call Canine Familiar  Summ           79%        N/A       1%          3
d - Summon Guardian Gole  Hex/Summ       68%        N/A       1%          3
e - Summon Lightning Spi  Summ/Air       70%        N/A       1%          4
f - Summon Mana Viper     Hex/Summ       68%        N/A       1%          5
g - Monstrous Menagerie   Summ           39%        N/A       10%         7

Your spell library contained the following spells:

 Spells                   Type           Power      Damage    Failure   Level
 Ensorcelled Hibernation  Hex/Ice        74%        N/A       1%          2
 Swiftness                Air            59%        N/A       1%          3
 Passwall                 Tmut/Erth      23%        N/A       2%          2
 Cause Fear               Hex            27%        N/A       2%          4
 Summon Ice Beast         Ice/Summ       56%        N/A       2%          4
 Inner Flame              Hex/Fire       37%        N/A       3%          3
 Portal Projectile        Hex/Tloc       74%        N/A       3%          3
 Foxfire                  Conj/Fire      68%        2x1d7     4%          1
 Sandblast                Erth           34%        2d9       4%          1
 Ignite Poison            Fire/Tmut/Pois 24%        N/A       8%          3
 Leda's Liquefaction      Hex/Erth       18%        N/A       10%         4
 Conjure Flame            Conj/Fire      17%        6-21      12%         3
 Gell's Gravitas          Tloc           17%        N/A       12%         3
 Stone Arrow              Conj/Erth      34%        3d9       12%         3
 Teleport Other           Tloc           17%        N/A       12%         3
 Blade Hands              Tmut           20%        N/A       22%         5
 Flame Wave               Conj/Fire      17%        2d7       38%         4
 Sticky Flame             Conj/Fire      17%        2d4       38%         4
 Irradiate                Conj/Tmut      14%        3d16      45%         5
 Summon Horrible Things   Summ           39%        N/A       58%         8
 Fireball                 Conj/Fire      8%         3d6       75%         5
 Iskenderun's Battlesphe  Conj           17%        2d7       75%         5
 Conjure Ball Lightning   Conj/Air       20%        3x3d6     75%         6
 Malign Gateway           Summ/Tloc      28%        N/A       88%         7
 Storm Form               Tmut/Air       25%        N/A       96%         7
 Dispersal                Tloc           8%         N/A       99%         6
 Dragon Form              Tmut           20%        N/A       100%        7
 Orb of Destruction       Conj           8%         9d6       100%        7
 Discord                  Hex            27%        N/A       100%        8
 Maxwell's Capacitive Co  Air            29%        ∞         100%        8


Dungeon Overview and Level Annotations

Branches:
Dungeon (15/15)            Temple (1/1) D:4            Lair (5/5) D:8
  Swamp (0/4) Lair:3       Spider (3/4) Lair:3        Slime (0/5) Lair:5
    Orc (2/2) D:10            Elf (0/3) Orc:2        Vaults (0/5) D:14
 Bailey (visited)
 Depths: D:15

Altars:
Cheibriados
Elyvilon
Fedhas
Gozag
Kikubaaqudgha
Nemelex Xobeh
Okawaru
Ru
Sif Muna
Uskayaw
Xom
Yredelemnul
Zin
Jiyva

Shops:
Orc:2 [([(

Annotations:
Lair:1 3 runed translucent doors, Braxton's ghost, journeyman TrFi
Lair:2 1 runed translucent door, Junaliek's ghost, journeyman MiFi


Innate Abilities, Weirdness & Mutations

You cannot wear most types of armour.
You are amphibious.
You can wear up to eight rings at the same time.
Your skin changes colour to match your surroundings (Stealth+).
Your rubbery body absorbs attacks. (AC +1, EV +1)
((You are camouflaged when in or above water. (Stealth+)))
You have tentacles for arms and can constrict up to eight enemies at once.


Message History

The meliai attacks as you move away! You block the meliai's attack. x2
The redback is no longer distracted by gold.
The meliai is no longer distracted by gold.
The redback is no longer distracted by gold.
The demonic crawler is no longer distracted by gold.
The jumping spider is distracted by your dazzling golden aura.
The jumping spider leaps!
The wolf spider is distracted by your dazzling golden aura.
The wolf spider barely misses your lightning spire.
The wolf spider completely misses your lightning spire.
An entropy weaver comes into view.
The redback bites your lightning spire but does no damage.
The demonic crawler shrieks in warning!
The redback is distracted by your dazzling golden aura.
The wolf spider is distracted by your dazzling golden aura.
The redback is distracted by your dazzling golden aura.
The jumping spider is distracted by your dazzling golden aura.
The wolf spider's many legs skitter. x2
The jumping spider's many legs skitter faintly. x2
You hear a faint skittering sound. x2; You hear a skittering sound.
You hear a faint skittering sound.
Blink to where?
Press: ? - help, Dir - move target
As you read the scroll of blinking, it crumbles to dust.
You feel yourself speed up.
The jumping spider is no longer distracted by gold.
The meliai mumbles some strange prayers to its god against you.
Something smites you!
* * * LOW HITPOINT WARNING * * *
The redback is distracted by your dazzling golden aura.
The jumping spider barely misses your lightning spire.
The jumping spider bites your lightning spire but does no damage.
Something barely misses your lightning spire.
Something bites your lightning spire.
The meliai is distracted by your dazzling golden aura.
The jumping spider is distracted by your dazzling golden aura.
Something hits your lightning spire. Something bites your lightning spire.
The wolf spider hits you!
You die...
Your body crumbles into a pile of gold.

...#...#....$sss^##.
##......s#ys$s# ..^?
##..#......ssy.##.....
^.....#^..s8$s....°...
....#...#§...w#.#...
^.##...s.##.....#
##.#....#.^.......
#....s........##>.
##..@.#......... ^
#.###.##..#.....#
#....^..............
#..........#........
##...#.#........
#..... ........ ##^...
...##.. # ... .... .
#..# #...#


You could see a demonic crawler, a wolf spider (berserk), 3 jumping spiders, 3
redbacks, 2 meliai and a friendly lightning spire (summoned).

Vanquished Creatures
  Nessos (Lair:5)
  An entropy weaver (Spider:3)
  A hydra (Lair:2)
  An ice dragon (D:11)
  A catoblepas (Lair:5)
  A two-headed ogre (D:11)
  2 merfolk aquamancers (D:12)
  Urug (D:10)
  A pharaoh ant (Spider:1)
  A deep elf zephyrmancer (D:15)
  An orc sorcerer (Bailey)
  A cyclops (Orc:1)
  3 ugly things (D:14)
  A wolf spider (Spider:3)
  8 elephants (Lair:5)
  A manticore (D:14)
  A black mamba (Lair:1)
  Maurice (D:11)
  A water nymph (D:12)
  A naga mage (D:15)
  A gargoyle (D:11)
  3 cane toads
  2 kobold demonologists
  An unseen horror (D:13)
  A komodo dragon (Lair:2)
  2 rime drakes (Lair:4)
  A troll (D:10)
  2 hornets
  Grinder (D:6)
  3 tarantellas (Spider:1)
  3 slime creatures
  The ghost of CougarLife the Caller, an amateur MfSu (D:4)
  4 blink frogs
  4 wyverns
  A wraith (D:7)
  3 spriggans (Lair:1)
  2 culicivoras (Spider:1)
  14 yaks
  A fire elemental (D:13)
  5 redbacks
  4 steam dragons
  10 vampire mosquitoes
  2 acid dragons
  3 water moccasins
  13 orc warriors
  2 ogres
  3 wolves (Lair:2)
  2 phantoms
  2 kobold brigands (D:12)
  A necrophage (D:3)
  4 bullfrogs
  3 scorpions
  7 wights
  10 howler monkeys
  5 electric eels
  A hound (D:6)
  5 jellies
  13 orc priests
  Crazy Yiuf (D:2)
  Jessica (D:2)
  2 iguanas
  9 orc wizards
  2 nameless horrors
  3 gnolls (Bailey)
  4 adders
  2 white imps
  An ufetubus (D:4)
  A dart slug (D:3)
  35 orcs
  2 endoplasms
  2 giant cockroaches
  17 goblins
  11 hobgoblins
  3 jackals
  5 quokkas
  2 ball pythons (D:3)
  A bat (D:2)
  5 kobolds
  2 rats
286 creatures vanquished.

Vanquished Creatures (collateral kills)
  A ghost moth (Spider:1)
  An emperor scorpion (Spider:1)
  Azrael (D:13)
  The ghost of gzilladon the Severer, a journeyman HOMo of Beogh (Orc:2)
  3 hydras
  3 vault guards (D:14)
  4 boulder beetles
  2 two-headed ogres
  3 centaur warriors
  2 catoblepae (Lair:5)
  5 death yaks (Lair:5)
  A tengu warrior (D:14)
  An orc high priest (Orc:1)
  A pharaoh ant (Spider:1)
  2 steelbarb worms (Spider:1)
  A lindwurm (Lair:5)
  An orc knight (Orc:2)
  2 wizards
  3 orc sorcerers
  6 ugly things
  4 wolf spiders
  2 cyclopes (D:14)
  6 slime creatures
  5 manticores
  A black mamba (shapeshifter) (D:13)
  10 elephants (Lair:5)
  2 black mambas
  A centaur zombie (D:15)
  A torpor snail (Lair:5)
  2 gargoyles
  A water nymph (D:12)
  A demonic crawler (Spider:2)
  3 cane toads
  A kobold demonologist (D:13)
  A freezing wraith (D:14)
  4 rime drakes
  An efreet (D:13)
  2 komodo dragons
  A meliai (shapeshifter) (D:13)
  A nameless horror (Spider:1)
  A meliai (Spider:3)
  2 polar bears
  3 trolls
  6 blink frogs
  3 tarantellas
  20 dream sheep
  6 jumping spiders
  4 culicivoras
  2 wraiths (D:12)
  A centaur simulacrum (D:11)
  21 yaks
  3 basilisks
  3 fire elementals (D:13)
  12 redbacks
  5 wargs
  15 vampire mosquitoes
  An ice beast (shapeshifter) (D:15)
  5 water moccasins
  15 orc warriors
  An ice beast (D:7)
  3 wolves (Lair:2)
  3 centaurs
  3 ogres
  5 kobold brigands
  A spectral warg (Orc:2)
  2 gnoll sergeants
  8 bullfrogs
  A scorpion (D:7)
  A howler monkey (D:7)
  4 jellies
  11 orc priests
  A hound (D:5)
  An iguana (D:7)
  11 orc wizards
  7 hell rats (Lair:4)
  5 spectral orcs (Orc:2)
  Robin (D:2)
  6 gnolls
  An ogre simulacrum (Orc:2)
  2 worms
  A dart slug (D:1)
  57 orcs
  4 bats
  4 endoplasms
  A giant cockroach (D:1)
  6 hobgoblins
  2 jackals (D:1)
  3 ball pythons
  A frilled lizard (D:3)
  7 goblins
  10 kobolds
396 creatures vanquished.

Vanquished Creatures (others)
  Saint Roka (Orc:2)
  Aizul (Spider:1)
  An orc warlord (Orc:2)
  The ghost of bakla the Nimble, a journeyman MeFE of Gozag (D:11)
  A vault guard (D:14)
  3 hydras
  A death knight (D:14)
  A centaur warrior (D:14)
  3 two-headed ogres
  A tengu warrior (D:14)
  A wizard (D:15)
  A wolf spider (Spider:1)
  An orc knight (Orc:1)
  A cyclops (D:11)
  A manticore (D:11)
  2 ugly things (D:14)
  5 elephants (Lair:5)
  A black mamba (Lair:5)
  A gargoyle (D:11)
  A cane toad (Lair:5)
  2 rime drakes
  A komodo dragon (Lair:5)
  3 trolls
  A polar bear (D:11)
  A blink frog (Lair:4)
  A dream sheep (Lair:5)
  A jumping spider (Spider:1)
  A centaur simulacrum (D:11)
  10 yaks
  A redback (Spider:2)
  A steam dragon (Lair:3)
  2 vampire mosquitoes (Lair:3)
  A water moccasin (D:5)
  9 orc warriors
  An ogre (Orc:2)
  An orc priest (Orc:2)
  An iguana (D:5)
  2 orc wizards (Orc:2)
  6 orcs
  2 goblins (Bailey)
  25 fungi
  45 plants
147 creatures vanquished.

Grand Total: 829 creatures vanquished

Notes
Turn   | Place    | Note
-------+----------+-------------------------------------------
     0 | D:1      | croobank the Octopode Summoner began the quest for the Orb.
     0 | D:1      | Reached XP level 1. HP: 11/11 MP: 3/3
   185 | D:1      | Reached XP level 2. HP: 17/17 MP: 1/5
   188 | D:1      | Learned a level 2 spell: Call Imp
   790 | D:1      | Reached XP level 3. HP: 22/22 MP: 2/6
   794 | D:1      | Learned a level 3 spell: Call Canine Familiar
  1332 | D:2      | Found the +10 morningstar "Eos" {elec, Halo rElec}
  1343 | D:2      | Found a runed translucent door.
  1344 | D:2      | Noticed Crazy Yiuf
  1663 | D:2      | Reached skill level 1 in Maces & Flails
  1824 | D:2      | Noticed Jessica
  1829 | D:2      | Killed Jessica
  1830 | D:2      | Reached XP level 4. HP: 27/27 MP: 7/7
  1842 | D:2      | Noticed Robin
  1860 | D:2      | Killed Robin
  1952 | D:2      | Found a faded altar of an unknown god.
  2297 | D:2      | Killed Crazy Yiuf
  2298 | D:2      | Reached XP level 5. HP: 22/32 MP: 4/8
  2571 | D:3      | Identified the +2 leather armour of Fyetiag {Int+7 Dex+2}
  2627 | D:3      | Found a basalt altar of Yredelemnul.
  2931 | D:3      | Found a white marble altar of Elyvilon.
  3313 | D:4      | Reached XP level 6. HP: 37/37 MP: 9/9
  3316 | D:4      | Reached skill level 5 in Maces & Flails
  3445 | D:4      | Found a staircase to the Ecumenical Temple.
  3461 | Temple   | Entered the Ecumenical Temple
  3469 | Temple   | Became a worshipper of Gozag Ym Sagoz the Greedy
  3587 | D:4      | Learned a level 3 spell: Summon Guardian Golem
  3935 | D:4      | Found a runed translucent gate.
  3936 | D:4      | Noticed CougarLife's ghost (amateur MfSu)
  3942 | D:4      | Reached XP level 7. HP: 42/42 MP: 10/10
  3947 | D:4      | Found a runed translucent gate.
  3996 | D:4      | Found a runed translucent gate.
  4175 | D:5      | Entered Level 5 of the Dungeon
  4292 | D:5      | Reached XP level 8. HP: 33/47 MP: 3/11
  4601 | D:5      | Reached skill level 1 in Fighting
  5240 | D:6      | Reached skill level 1 in Hexes
  5663 | D:6      | Noticed Grinder
  5674 | D:6      | Killed Grinder
  5700 | D:6      | Reached skill level 5 in Summonings
  6204 | D:6      | Reached XP level 9. HP: 56/56 MP: 5/14
  6680 | D:7      | Noticed a hornet
  6684 | D:7      | Paralysed by a hornet for 2 turns
  6688 | D:7      | Killed a hornet
  6890 | D:7      | Found a flagged portal.
  6916 | Bailey   | Entered a bailey
  6936 | Bailey   | Learned a level 4 spell: Summon Lightning Spire
  7206 | Bailey   | Reached skill level 1 in Air Magic
  7222 | Bailey   | Noticed a kobold demonologist
  7232 | Bailey   | Killed a kobold demonologist
  7243 | Bailey   | Reached skill level 6 in Summonings
  7530 | Bailey   | Acquired a ring of magical power
  7630 | Bailey   | Reached skill level 5 in Dodging
  7804 | Bailey   | Reached XP level 10. HP: 48/65 MP: 17/17
  7943 | Bailey   | Found an iron altar of Okawaru.
  7943 | Bailey   | Noticed an orc sorcerer
  7952 | Bailey   | Killed an orc sorcerer
  7953 | Bailey   | Reached skill level 5 in Spellcasting
  8270 | Bailey   | Acquired the -2 hat of the Alchemist {rElec rPois rF+ rC+
                  | rN+ Will+ rMut rCorr}
  8270 | Bailey   | Found the -2 hat of the Alchemist {rElec rPois rF+ rC+ rN+
                  | Will+ rMut rCorr}
  8392 | D:7      | Found a runed translucent door.
  8507 | D:7      | Reached skill level 5 in Fighting
  8641 | D:7      | Noticed a four-headed hydra
  8666 | D:7      | Killed a four-headed hydra
  8667 | D:7      | Reached skill level 5 in Hexes
  8803 | D:7      | Noticed a two-headed ogre
  8811 | D:7      | Killed a two-headed ogre
  8812 | D:7      | Reached skill level 7 in Summonings
  8956 | D:7      | Identified the +7 morningstar of Qaevyipn {venom, Int+4}
  9024 | D:7      | Identified the +3 ring mail of Dishonour {rPois rF+ Stlth+}
  9030 | D:7      | Identified the +7 trident of the Many Coins {elec, Drain
                  | rElec Int+2}
  9239 | D:7      | Reached XP level 11. HP: 67/72 MP: 19/19
  9284 | D:7      | Identified the +5 glaive of Ulets {drain, Str+4}
  9329 | D:7      | Noticed a two-headed ogre
  9336 | D:7      | Killed a two-headed ogre
  9658 | D:8      | Found a glowing silver altar of Zin.
  9697 | D:8      | Reached skill level 5 in Air Magic
  9869 | D:8      | Found a viscous altar of Jiyva.
  9910 | D:8      | Learned a level 5 spell: Summon Mana Viper
 10224 | D:8      | Found a staircase to the Lair.
 10224 | D:8      | Noticed a two-headed ogre
 10240 | D:8      | Killed a two-headed ogre
 11078 | D:9      | Found a snail-covered altar of Cheibriados.
 11332 | D:9      | Reached skill level 8 in Summonings
 11882 | D:10     | Entered Level 10 of the Dungeon
 12214 | D:10     | Found a staircase to the Orcish Mines.
 12651 | D:10     | Noticed Urug
 12982 | D:10     | Killed Urug
 13715 | D:10     | Reached XP level 12. HP: 81/81 MP: 22/22
 14251 | Lair:1   | Entered Level 1 of the Lair of Beasts
 14450 | Lair:1   | Noticed a four-headed hydra
 14466 | Lair:1   | Killed a four-headed hydra
 14636 | Lair:1   | Found a runed translucent gate.
 14637 | Lair:1   | Found a runed translucent gate.
 14638 | Lair:1   | Found a runed translucent gate.
 15015 | Lair:1   | Noticed Braxton's ghost (journeyman TrFi)
 15346 | Lair:2   | Noticed a seven-headed hydra
 15353 | Lair:2   | Killed a seven-headed hydra
 15369 | Lair:2   | Reached skill level 9 in Summonings
 15483 | Lair:2   | Found a runed translucent door.
 15483 | Lair:2   | Noticed Junaliek's ghost (journeyman MiFi)
 15977 | Lair:2   | Noticed a seven-headed hydra
 15991 | Lair:2   | Killed a seven-headed hydra
 16220 | Lair:3   | Found a staircase to the Swamp.
 16635 | Lair:3   | Reached XP level 13. HP: 89/89 MP: 25/25
 16753 | Lair:3   | Found a hole to the Spider Nest.
 17464 | Lair:4   | Identified the +5 short sword "Ziguhis" {protect, Fly rF++
                  | rC- Int+2}
 17529 | Lair:4   | Reached skill level 10 in Summonings
 18183 | Lair:5   | Entered Level 5 of the Lair of Beasts
 18450 | Lair:5   | Found a shimmering altar of Xom.
 18510 | Lair:5   | Reached skill level 10 in Dodging
 18645 | Lair:5   | Noticed Nessos
 18667 | Lair:5   | Killed Nessos
 18908 | Lair:5   | Reached skill level 10 in Fighting
 19285 | Lair:5   | Reached skill level 11 in Summonings
 19287 | Lair:5   | Reached XP level 14. HP: 86/99 MP: 24/27
 19345 | Lair:5   | Learned a level 7 spell: Monstrous Menagerie
 19770 | Lair:5   | Found a staircase to the Slime Pits.
 19817 | Lair:5   | Reached skill level 10 in Spellcasting
 20686 | Lair:5   | Identified the ring "Kisch" {rF+ rC+ rCorr}
 21184 | Orc:1    | Entered Level 1 of the Orcish Mines
 22048 | Orc:2    | Entered Level 2 of the Orcish Mines
 22090 | Orc:2    | Found a staircase to the Elven Halls.
 22324 | Orc:2    | Reached skill level 12 in Summonings
 22360 | Orc:2    | Found Zafu's Antique Weapon Shop.
 22373 | Orc:2    | Bought a brightly glowing morningstar for 261 gold pieces
 22373 | Orc:2    | Identified the +2 morningstar of Balance {antimagic, rF+
                  | Str+6} (You bought it in a shop on level 2 of the Orcish
                  | Mines)
 22625 | Orc:2    | Noticed an orc warlord
 22638 | Orc:2    | Killed an orc warlord
 22800 | Orc:2    | Found a runed translucent gate.
 22800 | Orc:2    | Found a runed translucent gate.
 22800 | Orc:2    | Found a runed translucent gate.
 22801 | Orc:2    | Noticed gzilladon's ghost (journeyman HOMo)
 23242 | Orc:2    | Noticed Saint Roka
 23257 | Orc:2    | Killed Saint Roka
 23347 | Orc:2    | Found Fuatarph's Antique Weapon Shoppe.
 23349 | Orc:2    | Found Esse's Antique Armour Emporium.
 23541 | Orc:2    | Found Eqeromyts's Armour Boutique.
 23760 | Orc:2    | Reached XP level 15. HP: 80/107 MP: 29/29
 24111 | Orc:2    | Killed gzilladon's ghost
 24515 | D:4      | Killed CougarLife's ghost
 25088 | D:11     | Got the +11 battleaxe of Dust {freeze, rF- rN++ rCorr
                  | Stlth+}
 25379 | D:11     | Identified the +2 leather armour "Odaedd" {rF+ rCorr}
 25471 | D:11     | Found a runed translucent door.
 25474 | D:11     | Noticed bakla's ghost (journeyman MeFE)
 25633 | D:11     | Noticed Maurice
 25645 | D:11     | Killed Maurice
 26886 | D:11     | Killed bakla's ghost
 26961 | D:11     | Identified the +7 short sword "Concordance" {venom, Dex+2}
 27797 | D:12     | Reached skill level 13 in Summonings
 29247 | D:13     | Noticed Azrael
 29277 | D:13     | Killed Azrael
 31080 | D:14     | Reached skill level 1 in Transmutations
 31438 | D:14     | Found a gate to the Vaults.
 31475 | D:14     | Reached XP level 16. HP: 103/116 MP: 25/31
 32136 | D:15     | Entered Level 15 of the Dungeon
 32217 | D:15     | Reached skill level 14 in Summonings
 32555 | Spider:1 | Entered Level 1 of the Spider Nest
 33360 | Spider:1 | Noticed Aizul
 33375 | Spider:1 | Killed Aizul
 34589 | Spider:3 | Mangled by a wolf spider

Illustrated notes

Levels and vault maps discovered:
D:1:      eino_arrival_tree_alley, layout_basic
D:2:      layout_loops_corners, ebering_ecumenical_altar_mist,
          chequers_serial_rivers_room_b, uniq_crazy_yiuf_cottage, uniq_jessica,
          uniq_robin
D:3:      layout_basic, kennysheep_ying_yang, st_stairs_1,
          hangedman_feature_mirror
D:4:      layout_rooms, temple_green, biasface_ghost_orc_armoury
D:5:      layout_rooms
D:6:      layout_layer_cave, uniq_grinder
D:7:      minmay_the_grid_four_pointed_star
          [minmay_the_grid_triangle_9x9_subtriangle,
          minmay_the_grid_triangle_9x9_skeleton,
          minmay_the_grid_triangle_9x9_corrupted_corridor,
          minmay_the_grid_triangle_9x9_alien,
          minmay_the_grid_prize_four_corners_diamond_a], layout_cave_pods,
          enter_bailey_5
D:8:      layout_rooms, zin_scriptorium, lair_entry_dummy,
          nicolae_ossuary_entry_plus, jiyva_altar_1
D:9:      layout_grid_maze, overflow_temple_1_default
D:10:     layout_layer_cave, orc_0_dummy, uniq_urug
D:11:     minmay_coctagon, layout_basic, ebering_ghost_reflecting_pool,
          uniq_maurice
D:12:     layout_layer_cave, nicolae_splish_splash
D:13:     kennysheep_spiral_hall, layout_irregular_city, uniq_azrael
D:14:     layout_irregular_city, lightli_vaults_fourway_checkpoint,
          serial_bayou_pond_c
D:15:     grunt_enter_depths_magical_seal, layout_rooms,
          grunt_decor_mini_mirrors, eino_house_with_fridge, uniq_kirke
Temple:   eino_narrow_crystal_temple
Lair:1:   layout_regular_city, gammafunk_ghost_icy, minivault_19,
          chequers_serial_rivers_small_b, wad_woods_02
Lair:2:   layout_hall_layers, hellmonk_ghost_happy_afterlife
Lair:3:   layout_big_grid, minmay_swamp_entry_swarm,
          spider_nest_entry_web_field, infiniplex_staircase_pool_2
Lair:4:   layout_cave_pods
Lair:5:   evilmike_catoblepas_cave, layout_cave_pods, slime_entry_1,
          basic_altar, uniq_nessos
Spider:1: layout_spider_delve, uniq_aizul
Spider:2: nicolae_orb_stairs_large, hellmonk_deceptive_appearances
Spider:3: nicolae_spider_mines_3
Orc:1:    layout_diamond_mine
Orc:2:    grunt_orc_community_town_hall, layout_diamond_mine,
          grunt_orc_community_big_house_1, grunt_orc_community_big_house_2,
          grunt_orc_community_house_1, grunt_orc_community_house_2,
          grunt_orc_community_house_1, grunt_orc_community_house_3,
          grunt_orc_community_house_1, gammafunk_ghost_necromancy

Skill      XL: |  1  2  3  4  5  6  7  8  9 10 11 12 13 14 15 16 |
---------------+-------------------------------------------------+-----
Stealth        | 3 |  3.3
Maces & Flails | 2 3 4 6 8 |  8.0
Fighting       | 3 4 6 7 8 10 11 12 13 | 13.0
Hexes          | 2 4 5 6 7 |  7.0
Dodging        | 3 5 6 7 9 10 11 12 13 | 13.2
Spellcasting   | 3 4 5 7 8 9 10 11 12 | 12.0
Summonings     | 5 6 7 8 9 11 12 13 14 | 14.4
Air Magic      | 2 4 6 7 8 |  8.1
Transmutations | 1 3 |  3.9

Action                   |  1- 3 |  4- 6 |  7- 9 | 10-12 | 13-15 | 16-18 || total
-------------------------+-------+-------+-------+-------+-------+-------++-------
Melee: Unarmed           |    15 |       |       |       |       |       ||    15
       Constrict         |     7 |     8 |    21 |    29 |    45 |    16 ||   126
       Tentacles         |     5 |     5 |    20 |    42 |    75 |    13 ||   160
       Morningstar       |    12 |    45 |   109 |   143 |   254 |    51 ||   614
       Whip              |     1 |       |       |       |       |       ||     1
       Punch             |       |       |       |     3 |     4 |     1 ||     8
 Cast: Summon Small Mamm |    24 |    21 |    16 |    16 |    30 |       ||   107
       Call Imp          |     5 |     5 |     6 |     5 |    12 |     1 ||    34
       Call Canine Famil |     1 |     6 |    13 |    19 |    54 |     4 ||    97
       Summon Guardian G |       |       |     8 |    23 |    92 |     5 ||   128
       Summon Lightning  |       |       |     1 |    54 |   137 |    19 ||   211
       Summon Mana Viper |       |       |       |       |    22 |    28 ||    50
       Monstrous Menager |       |       |       |       |     3 |    18 ||    21
Invok: Potion Petition   |       |       |       |       |       |     6 ||     6
Evoke: Wand              |       |       |     5 |     1 |     4 |       ||    10
  Use: Scroll            |       |       |    20 |     9 |     9 |     7 ||    45
       Potion            |       |       |     3 |     1 |    10 |     4 ||    18
 Stab: Sleeping          |     1 |       |     1 |     1 |       |       ||     3
       Distracted        |       |     1 |       |     3 |     6 |     1 ||    11
       Invisible         |       |       |       |       |     1 |       ||     1
Armor: Skin              |     1 |     1 |    15 |    10 |    14 |    28 ||    69
Dodge: Dodged            |    25 |    29 |    95 |   165 |   255 |    84 ||   653
Block: Buckler           |       |       |       |     7 |    37 |    25 ||    69
